General information
- name: trshins
- type: Custom game
- host: Zith)
- saver: Zith)
map: TurtleRock
- players: 2
- length: 38:02
- speed: Fast
- version: 1.24 W3XP
- replay type: Public
» download(167 KB)
Players
team 1 (winner)
Zith) (
blue | 150 APM | 5712 actions | 38:02)
7 Demon Hunter
3 Mana Burn
3 Evasion
1 Metamorphosis
6 Beastmaster
3 Summon Quilbeast
3 Summon Hawk
» actions
| Assign group hotkey | 67 | |
| Basic commands | 47 | |
| Build / train | 120 | |
| Enter build submenu | 28 | |
| Enter hero's abilities submenu | 13 | |
| Give item / drop item | 10 | |
| Remove unit from queue | 14 | |
| Right click | 2640 | |
| Select / deselect | 920 | |
| Select group hotkey | 1642 | |
| Use ability | 211 | |
5712 total
» units
| Wisp | 48 | |
| Archer | 3 | |
| Druid of the Talon | 11 | |
| Faerie Dragon | 6 | |
| Chimaera | 7 | |
75 total
» upgrades
| Druid of the Talon Training | 2 | |
| Nature's Blessing | 1 | |
| Ultravision | 1 | |
| Reinforced Hides | 3 | |
| Corrosive Breath | 1 | |
| Strength of the Wild | 2 | |
| Well Spring | 1 | |
| Mark of the Talon | 1 | |
12 total
» buildings
| Altar of Elders | 1 | |
| Moon Well | 9 | |
| Ancient of War | 1 | |
| Tree of Ages | 1 | |
| Ancient of Wonders | 1 | |
| Ancient of Wind | 2 | |
| Tree of Eternity | 1 | |
| Hunter's Hall | 1 | |
| Tree of Life | 9 | |
| Chimaera Roost | 3 | |
29 total
» build order
00:04 Altar of Elders
00:19 Moon Well
00:35 Ancient of War
01:58 Moon Well
02:28 Moon Well
03:05 Tree of Ages
03:17 Moon Well
04:05 Ancient of Wonders
05:30 Ancient of Wind
05:33 Ancient of Wind
05:49 Tree of Eternity
08:34 Hunter's Hall
11:04 Moon Well
11:34 Tree of Life
15:50 Moon Well
18:57 Chimaera Roost
20:57 Tree of Life
21:39 Chimaera Roost
23:22 Chimaera Roost
23:26 Moon Well
24:28 Moon Well
24:31 Moon Well
24:34 Tree of Life
26:17 Tree of Life
29:02 Tree of Life
29:18 Tree of Life
30:25 Tree of Life
33:23 Tree of Life
37:35 Tree of Life
» items
| Boots of Speed | 1 | |
| Staff of Preservation | 1 | |
| Moonstone | 3 | |
| Orb of Venom | 1 | |
| Potion of Healing | 1 | |
| Lesser Clarity Potion | 1 | |
| Scroll of Town Portal | 1 | |
9 total
team 2 (loser)

»
Shins- (
brown | 110 APM | 4182 actions | 38:01)
7 Blademaster
3 Wind Walk
3 Critical Strike
1 Bladestorm
6 Shadow Hunter
3 Hex
3 Serpent Ward
» actions
| Assign group hotkey | 104 | |
| Basic commands | 166 | |
| Build / train | 118 | |
| ESC pressed | 6 | |
| Enter build submenu | 37 | |
| Enter hero's abilities submenu | 13 | |
| Give item / drop item | 10 | |
| Right click | 2166 | |
| Select / deselect | 1059 | |
| Select group hotkey | 193 | |
| Use ability | 309 | |
4182 total
» units
| Peon | 15 | |
| Grunt | 5 | |
| Troll Witch Doctor | 10 | |
| Troll Batrider | 22 | |
| Wind Rider | 6 | |
| Kodo Beast | 2 | |
60 total
» upgrades
| Witch Doctor Training | 2 | |
| Reinforced Defenses | 1 | |
| Ranged Weapons | 2 | |
| Liquid Fire | 1 | |
| Troll Regeneration | 1 | |
| Envenomed Spears | 1 | |
| War Drums Damage Increase | 1 | |
9 total
» buildings
| Altar of Storms | 1 | |
| Orc Burrow | 6 | |
| Barracks | 1 | |
| Voodoo Lounge | 1 | |
| Stronghold | 1 | |
| War Mill | 2 | |
| Watch Tower | 16 | |
| Spirit Lodge | 2 | |
| Fortress | 1 | |
| Beastiary | 2 | |
33 total
» build order
00:02 Altar of Storms
00:13 Orc Burrow
00:45 Barracks
01:32 Orc Burrow
01:40 Voodoo Lounge
04:09 Stronghold
04:12 Orc Burrow
04:15 War Mill
05:34 Watch Tower
05:36 Watch Tower
05:37 Watch Tower
06:22 Watch Tower
06:24 Watch Tower
07:21 Spirit Lodge
07:22 Fortress
08:04 Spirit Lodge
08:45 Watch Tower
08:48 Watch Tower
09:15 Beastiary
10:52 Orc Burrow
12:47 Orc Burrow
12:48 Orc Burrow
16:21 Watch Tower
16:24 Watch Tower
16:25 Watch Tower
17:09 Watch Tower
17:09 Watch Tower
20:11 Beastiary
23:28 Watch Tower
23:28 Watch Tower
23:28 Watch Tower
25:14 War Mill
» items
| Healing Salve | 5 | |
| Lesser Clarity Potion | 11 | |
| Staff of Teleportation | 2 | |
| Scroll of Town Portal | 2 | |
| Orb of Lightning | 1 | |
| Tiny Great Hall | 2 | |
| Potion of Lesser Invulnerability | 1 | |
| Potion of Mana | 1 | |
25 total
Chat log
(00:06 / All) Zith): call it!
(00:09 / All) Shins-: zug zug
(00:12 / All) Zith): yay
(00:23 / All) Zith): or nay tt
(00:31 / All) Shins-: orc is easy meat for ne
(00:44 / All) Zith): not on this map for me
(00:55 / All) Shins-: blademaster is balanced
(00:59 / All) Zith): yeah right
(01:01 / All) Shins-: they just need to fix item drops
(01:03 / All) Shins-: im serious
(01:18 / All) Zith): and rich people are poor
(01:21 / All) Zith): if you take away their money
(01:24 / All) Shins-: mentally
(04:49 / All) Shins-: :d
(04:51 / All) Zith): ^^
(06:19 / All) Zith): whats this...
(10:36 / All) Shins-: ah shit
(10:36 / All) Zith): owned
(10:37 / All) Zith): again
(20:46 / All) Shins-: SHIT
(22:35 / All) Zith): stop hacking
(22:43 / All) Shins-: its a legal hack
(22:46 / All) Zith): i know
(23:01 / All) Shins-: just use ur bm birds
(37:54 / All) Shins-: :D
(37:59 / All) Shins-: gg
(38:00 / All) Zith): :D
(38:00 / All) Zith): gg